 Dungeon Crawl Stone Soup version 0.30-a0-1016-gfb0d676c02 (webtiles) character file.

Game seed: 31450080207382067

1824 cheesebisquit the Jinx (level 8, -5/71 HPs)
             Began as a Purple Draconian Venom Mage on Apr 6, 2023.
             Was an Initiate of Dithmenos.
             Slain by a cyan ugly thing (17 damage)
             ... on level 7 of the Dungeon.
             The game lasted 00:32:21 (7165 turns).

cheesebisquit the Jinx (DrVM)                       Turns: 7165, Time: 00:32:22

Health: -5/71      AC:  9    Str: 16    XL:     8   Next: 86%
Magic:  11/15      EV: 12    Int: 18    God:    Dithmenos [......]
Gold:   242        SH:  5    Dex: 12    Spells: 8/17 levels left

rFire   . . .      SeeInvis +    D - +1 war axe of Imiwun {freeze, *Rage rPois Str+6 SInv}
rCold   . . .      Faith    .    (no shield)
rNeg    . . .      Spirit   .    (body armour unavailable)
rPois   +          Reflect  +    (helmet restricted)
rElec   .          Rampage  .    B - +1 cloak
rCorr   .          Rage     20%  d - +0 pair of gloves
Will    +....                    (no boots)
Stlth   ++                       z - amulet of reflection
HPRegen 0.31/turn                (no ring)
MPRegen 0.14/turn                (no ring)

@: no status effects
A: breathe power, AC +6, unfitting armour, cold-blooded
a: Breathe Dispelling Energy, Renounce Religion


You were on level 7 of the Dungeon.
You worshipped Dithmenos.
Dithmenos was noncommittal.
You visited 2 branches of the dungeon, and saw 8 of its levels.

You collected 242 gold pieces.

Inventory:

Hand Weapons
 k - a +0 sling
 v - a +0 dagger of electrocution
 A - a +1 short sword of flaming
 C - a +0 heavy trident
 D - the +1 war axe of Imiwun (weapon) {freeze, *Rage rPois Str+6 SInv}
   (You found it on level 6 of the Dungeon)

   Str:       It affects your strength (+6).
   rPois:     It protects you from poison.
   SInv:      It lets you see invisible.
   *Rage:     It berserks you when you make melee attacks (+20% chance).
Missiles
 s - 13 poisoned darts
 E - a curare-tipped dart
Armour
 d - a +0 pair of gloves (worn)
 B - a +1 cloak (worn)
Jewellery
 z - an amulet of reflection (around neck)
Wands
 t - a wand of quicksilver (10)
 x - a wand of flame (21)
Scrolls
 f - a scroll of fear
 g - a scroll of identify
 h - 2 scrolls of noise
 i - 2 scrolls of teleportation
 n - 2 scrolls of blinking
 o - a scroll of amnesia {unknown}
 r - a scroll of acquirement {unknown}
 u - a scroll of poison
 w - a scroll of enchant weapon
 y - a scroll of immolation {unknown}
Potions
 a - a potion of magic
 b - a potion of ambrosia
 c - a potion of heal wounds
 e - 3 potions of might
 j - 2 potions of flight
 l - 5 potions of curing
 m - a potion of invisibility
 p - a potion of mutation
 q - a potion of cancellation


   Skills:
 + Level 6.6 Fighting
 - Level 1.7 Dodging
 + Level 1.9 Stealth
 + Level 5.3 Spellcasting
 + Level 9.3 Hexes
 - Level 1.0 Transmutations
 - Level 3.0 Poison Magic


You had 8 spell levels left.
You knew the following spells:

 Your Spells              Type           Power      Damage    Failure   Level
a - Sting                 Tmut/Pois      44%        1d5       6%          1
b - Tukima's Dance        Hex            38%        N/A       1%          3
c - Yara's Violent Unrav  Hex/Tmut       11%        3d6       41%         5

Your spell library contained the following spells:

 Spells                   Type           Power      Damage    Failure   Level
 Poisonous Vapours        Pois/Air       20%        N/A       11%         2
 Sandblast                Erth           8%         2d5       13%         1
 Passwall                 Tmut/Erth      5%         N/A       16%         2
 Mephitic Cloud           Conj/Pois/Air  8%         N/A       26%         3
 Stone Arrow              Conj/Erth      8%         3d7       36%         3
 Olgreb's Toxic Radiance  Pois           15%        N/A       36%         4
 Passage of Golubria      Tloc           4%         N/A       78%         4


Dungeon Overview and Level Annotations

Branches:
Dungeon (6/15)             Temple (1/1) D:5

Altars:
Ashenzari
Cheibriados
Dithmenos
Elyvilon
Fedhas
Hepliaklqana
Kikubaaqudgha
Makhleb
Nemelex Xobeh
Okawaru
Qazlal
Sif Muna
Uskayaw
Vehumet
Xom
The Shining One

Annotations:
D:6 Grinder


Innate Abilities, Weirdness & Mutations

You can breathe bolts of dispelling energy.
Your rich purple scales are hard. (AC +6)
You cannot fit into any form of body armour.
You are cold-blooded and may be slowed by cold attacks.


Message History

You kill the kobold brigand!
Dithmenos accepts your kill.
Your +0 short sword falls from the air.
HP restored.
Things that are here:
a +0 short sword; a curare-tipped dart
E - a curare-tipped dart
Things that are here:
a staff of poison; a +0 robe
Found a plate armour.
You see here a +0 plate armour.
A cyan ugly thing and an orc come into view.
The cyan ugly thing gurgles horribly!
An orc comes into view. It is wielding a +0 whip.
A hound comes into view.
You start waiting.
A cyan ugly thing is nearby!
Casting: Sting (safe; 6% risk of failure)
Confirm with . or Enter, or press ? or * to list all spells.
Okay, then.
The sting hits the cyan ugly thing.
The cyan ugly thing is poisoned.
The cyan ugly thing is lightly wounded.
The sting hits the cyan ugly thing but does no damage.
The cyan ugly thing looks even sicker.
The cyan ugly thing is lightly wounded.
The cyan ugly thing bites you. The cyan ugly thing shocks you!
The sting hits the cyan ugly thing but does no damage.
The cyan ugly thing looks even sicker.
The cyan ugly thing is lightly wounded.
The cyan ugly thing bites you. The cyan ugly thing shocks you!
The sting hits the cyan ugly thing but does no damage.
The cyan ugly thing looks as sick as possible!
The cyan ugly thing is lightly wounded.
The cyan ugly thing bites you. The cyan ugly thing shocks you!
You closely miss the cyan ugly thing.
The cyan ugly thing is lightly wounded.
The cyan ugly thing bites you!
* * * LOW HITPOINT WARNING * * *
The cyan ugly thing shocks you!
You die...

♣#♣.≈.♣#..# ♣ ♣♣..♣#..#
##♣♣♣|♣...# .#..).....#
##♣.♣♣♣...# ♣#♣...♣#..#
♣#..♣♣♣#..#
♣#.≈..♣#..##############
.#.≈~.♣#.......u@......#
♣#.≈~♣♣#..####.#########
♣#♣).♣ #..# #.# ##♣♣)♣
#..####.####
)#♣♣.♣♣#..#.......#
♣#♣.♣.♣#..#..#.##.#
...♣♣♣.#.....#.##.######
♣#♣.♣.♣#...............#
.#♣♣.♣♣#.....#.##..###.#


You could see a cyan ugly thing (extremely poisoned).

Vanquished Creatures
  A yak (D:7)
  3 water moccasins
  A black bear (D:4)
  An orc warrior (D:7)
  2 ogres
  2 centaurs (D:5)
  A phantom (D:6)
  A kobold brigand (D:7)
  A scorpion (D:5)
  A killer bee (D:7)
  A howler monkey (D:7)
  A jelly (D:5)
  7 hounds
  An orc priest (D:7)
  An iguana (D:5)
  Terence (D:3)
  2 orc wizards
  6 gnolls
  8 adders
  2 worms
  A dart slug (D:1)
  14 orcs
  6 endoplasms
  4 giant cockroaches (D:1)
  4 hobgoblins
  2 jackals (D:1)
  7 kobolds
  6 quokkas
  4 ball pythons
  7 bats
  4 frilled lizards
  11 goblins
  7 rats
121 creatures vanquished.

Vanquished Creatures (collateral kills)
  An orc (D:6)
1 creature vanquished.

Vanquished Creatures (others)
  3 dancing weapons (D:5)
  19 plants
22 creatures vanquished.

Grand Total: 144 creatures vanquished

Notes
Turn   | Place    | Note
-------+----------+-------------------------------------------
     0 | D:1      | cheesebisquit the Draconian Venom Mage began the quest for
                  | the Orb.
     0 | D:1      | Reached XP level 1. HP: 14/14 MP: 3/3
   104 | D:1      | Reached skill level 1 in Fighting
   119 | D:1      | Reached XP level 2. HP: 23/23 MP: 0/5
   369 | D:1      | Reached XP level 3. HP: 30/30 MP: 2/6
  1517 | D:3      | Noticed Terence
  1530 | D:3      | Killed Terence
  1531 | D:3      | Reached XP level 4. HP: 36/38 MP: 3/8
  1668 | D:3      | Found a stormy altar of Qazlal.
  1955 | D:3      | Identified the +4 robe of Duck's Teeth {Str+2 Int+3 Slay+5}
  2193 | D:3      | Found a faded altar of an unknown god.
  2361 | D:4      | Found a shadowy altar of Dithmenos.
  2533 | D:4      | Reached XP level 5. HP: 46/46 MP: 5/9
  2665 | D:4      | Noticed a black bear
  3035 | D:4      | Found a hazy altar of Hepliaklqana.
  3367 | D:4      | Reached skill level 5 in Fighting
  3592 | D:4      | Found a hide-covered altar of Uskayaw.
  3708 | D:5      | Entered Level 5 of the Dungeon
  3722 | D:5      | Reached XP level 6. HP: 18/56 MP: 3/11
  4413 | D:5      | Found a staircase to the Ecumenical Temple.
  4424 | Temple   | Entered the Ecumenical Temple
  4804 | D:5      | Your scales start taking on a rich purple colour.
  4804 | D:5      | Reached skill level 5 in Spellcasting
  4804 | D:5      | Reached XP level 7. HP: 64/64 MP: 7/14
  4808 | D:5      | Learned a level 3 spell: Tukima's Dance
  4814 | D:5      | Learned a level 5 spell: Yara's Violent Unravelling
  4901 | D:4      | Became a worshipper of Dithmenos the Shadowed
  4939 | D:4      | Reached skill level 2 in Hexes
  5109 | D:4      | Reached skill level 3 in Hexes
  5239 | D:5      | Reached skill level 4 in Hexes
  5642 | D:5      | Reached skill level 5 in Hexes
  5803 | D:6      | Found a burning altar of Makhleb.
  5860 | D:6      | Identified the +1 war axe of Imiwun {freeze, *Rage rPois
                  | Str+6 SInv}
  5938 | D:6      | Reached skill level 6 in Hexes
  5938 | D:6      | Reached XP level 8. HP: 28/71 MP: 7/15
  5938 | D:6      | Noticed Grinder
  6330 | D:6      | Reached skill level 7 in Hexes
  6398 | D:6      | You fall into a shaft and drop 1 floor!
  6798 | D:7      | Reached skill level 8 in Hexes
  6963 | D:7      | Reached skill level 9 in Hexes
  7141 | D:7      | Noticed a cyan ugly thing
  7165 | D:7      | Slain by a cyan ugly thing

Illustrated notes

Levels and vault maps discovered:
D:1:      dpeg_arrival_prison, layout_rooms, minmay_small_reverse_x
D:2:      layout_rooms
D:3:      layout_loops_ring, lemuel_crystal_altar,
          shapermc_ecumenical_altar_acropolis, uniq_terence
D:4:      minmay_skewed_foursquare, layout_basic,
          nicolae_dithmenos_the_darkroom, nicolae_hepliaklqana_hazy_memory,
          mainiacjoe_overflow_alcove_1
D:5:      layout_cave_pools, minmay_temple_entry_mini_moons, grunt_ministairs_14
D:6:      layout_cave_pools, bloody_makhleb, uniq_grinder
D:7:      nzn_winding_woodlands_medium [nzn_winding_woodlands_5x5_closed_star,
          nzn_winding_woodlands_5x15_pathside_ponds,
          nzn_winding_woodlands_5x5_open_star, nzn_winding_woodlands_hourglass,
          nzn_winding_woodlands_center_diamonds,
          nzn_winding_woodlands_5x5_default, nzn_winding_woodlands_5x5_three,
          nzn_winding_woodlands_5x15_pool, nzn_winding_woodlands_5x5_cross],
          layout_basic, nicolae_ru_the_path_less_chosen, kennysheep_little_box
Temple:   nicolae_temple_bog_church

Skill      XL: |  1  2  3  4  5  6  7  8 |
---------------+-------------------------+-----
Fighting       | 1 2 3 4 5 6 |  6.6
Spellcasting   | 3 5 |  5.3
Hexes          | 6 9 |  9.3
Dodging        | |  1.7
Stealth        | |  1.9
Transmutations | |  1.0
Poison Magic   | |  3.0

Action                     |  1- 3 |  4- 6 |  7- 9 || total
---------------------------+-------+-------+-------++-------
  Melee: Spear             |    57 |       |       ||    57
         Unarmed           |     2 |       |       ||     2
         Tailslap          |     6 |     4 |     8 ||    18
         Punch             |     4 |       |       ||     4
         War axe           |    10 |       |    30 ||    40
         Dagger            |     4 |    19 |    14 ||    37
         Trident           |       |       |     3 ||     3
   Cast: Sting             |    50 |   158 |   114 ||   322
         Tukima's Dance    |       |       |    20 ||    20
Ability: Breathe Dispellin |       |       |     2 ||     2
    Use: Scroll            |       |       |    14 ||    14
 Armour: Skin              |    20 |    44 |    55 ||   119
  Dodge: Dodged            |    33 |    68 |    78 ||   179
  Block: Other             |       |    20 |    33 ||    53
         Reflection        |       |     3 |       ||     3

Table legend: (Time is in decaauts)
 A = Elapsed time spent in this place.
 B = Non-inter-level travel time spent in this place.
 C = Inter-level travel time spent in this place.
 D = Time resting spent in this place.
 E = Time spent auto-exploring this place.
 F = Levels seen in this place.
 G = Mean time per level.
                   A        B        C        D        E       F      G
               +--------+--------+--------+--------+--------+-----+--------+
         Total |   7246 |   6850 |    396 |   1116 |   4408 |   8 |  905.8 |
       Dungeon |   7063 |   6669 |    394 |   1116 |   4239 |   7 | 1009.0 |
        Temple |    183 |    181 |      2 |      0 |    169 |   1 |  183.0 |
               +--------+--------+--------+--------+--------+-----+--------+

Top non-repeatable levels by time:
     D:4: 2217 daAuts
     D:5: 1419 daAuts
     D:3: 979 daAuts
     D:1: 867 daAuts
     D:7: 795 daAuts
     D:2: 539 daAuts
     D:6: 245 daAuts
  Temple: 183 daAuts
